Map: Triton LE

Players

llllllllllll (Trap) - Winner!

  • Race: Protoss Protoss
  • League: Master
  • Spawn Location: 11:00

TSGSolar (Solar)

  • Race: Zerg Zerg
  • League: Master
  • Spawn Location: 5:00

VOD

Have the link to the VOD?

Description

Time

  • Played on: Jan. 7, 2020, 7:29 p.m.
  • Length: 21:50
Show
View Real Time Build Order
Export as new Build Order

llllllllllll Protoss - Winner!

Build Orders: 1 Gate Expand, Oracle Opening, Phoenix Opening, Carriers 

Get SALT Encoding   

  12  0:00  Probe  
  13  0:12  Probe  
  14  0:18  Pylon  
  14  0:24  Probe (Chrono Boost)  
  15  0:36  Probe (Chrono Boost)  
  16  0:44  Gateway  
  16  0:45  Probe (Chrono Boost)  
  16  0:46  Assimilator  
  17  0:51  Probe  
  18  1:03  Probe  
  19  1:15  Probe  
  20  1:22  Nexus  
  20  1:32  Cybernetics Core  
  20  1:36  Probe  
  21  1:42  Assimilator  
  21  1:48  Probe  
  21  1:51  Pylon  
  22  2:00  Probe  
  23  2:06  Adept (Chrono Boost)  
  23  2:12  Probe  
  26  2:16  Stargate  
  26  2:24  Warp Gate, Probe (Chrono Boost)  
  26  2:29  Adept  
  29  2:34  Probe (Chrono Boost)  
  29  2:37  Probe (Chrono Boost)  
  32  2:44  Probe (Chrono Boost)  
  32  2:45  Probe (Chrono Boost)  
  32  2:49  Probe (Chrono Boost)  
  32  2:51  Probe  
  35  3:01  Probe, Phoenix (Chrono Boost)  
  35  3:03  Probe  
  39  3:06  Pylon  
  39  3:13  Probe  
  39  3:15  Probe  
  41  3:20  Oracle (Chrono Boost)  
  41  3:22  Gateway  
  41  3:25  Probe  
  45  3:27  Probe  
  45  3:31  Assimilator  
  45  3:33  Assimilator  
  46  3:37  Probe  
  46  3:39  Probe  
  48  3:48  Oracle (Chrono Boost)  
  48  3:49  Probe, Pylon  
  48  3:51  Probe  
  53  3:57  Pylon  
  53  4:01  Probe  
  54  4:07  Probe  
  55  4:13  Probe  
  55  4:14  Adept  
  55  4:16  Adept, Pylon  
  60  4:27  Phoenix (Chrono Boost)  
  60  4:29  Stargate  
  62  4:34  Nexus  
  62  4:35  Pylon  
  62  4:38  Probe x2  
  62  4:41  Pylon  
  62  4:44  Phoenix (Chrono Boost)  
  66  4:54  Probe x2  
  66  4:58  Robotics Facility  
  68  5:00  Shield Battery  
  68  5:02  Sentry, Zealot  
  72  5:13  Phoenix (Chrono Boost)  
  74  5:16  Phoenix (Chrono Boost)  
  76  5:24  Probe x2  
  76  5:28  Forge, Twilight Council  
  78  5:29  Phoenix (Chrono Boost)  
  80  5:37  Phoenix  
  80  5:39  Probe (Chrono Boost)  
  80  5:42  Probe (Chrono Boost)  
  84  5:48  Probe (Chrono Boost), Assimilator  
  86  5:50  Probe (Chrono Boost), Assimilator  
  86  5:52  Observer  
  86  5:53  Probe (Chrono Boost)  
  86  5:55  Probe (Chrono Boost)  
  90  5:57  Probe (Chrono Boost)  
  90  5:58  Probe (Chrono Boost)  
  90  6:00  Probe (Chrono Boost)  
  90  6:01  Pylon  
  52  6:04  Phoenix  
  92  6:06  Probe, Phoenix  
  97  6:13  Probe, Charge  
  97  6:14  Probe  
  97  6:18  Probe, Zealot x2  
  104  6:19  Protoss Ground Weapons Level 1 (Chrono Boost)  
  104  6:26  Gateway  
  104  6:27  Gateway  
  104  6:29  Probe x2  
  104  6:30  Probe  
  107  6:37  Immortal (Chrono Boost)  
  111  6:41  Zealot  
  111  6:45  Zealot  
  115  6:47  Gateway  
  115  6:51  Gateway  
  115  6:55  Gateway  
  115  7:15  Gateway  
  117  7:18  Gateway  
  117  7:20  Pylon  
  117  7:24  Pylon  
  117  7:25  Pylon  
  117  7:28  Templar Archives  
  117  7:29  Pylon  
  117  7:34  Warp Prism (Chrono Boost)  
  117  7:39  Gateway  
  117  7:40  Photon Cannon  
  117  7:47  Gateway  
  117  7:48  Zealot x6  
  129  7:54  Pylon  
  129  7:58  Pylon  
  129  8:00  Immortal (Chrono Boost)  
  129  8:01  Photon Cannon  
  129  8:03  Photon Cannon  
  133  8:12  Protoss Ground Weapons Level 2 (Chrono Boost)  
  133  8:15  High Templar x6  
  133  8:16  High Templar x2, Zealot  
  133  8:19  Archon x3  
  147  8:20  Archon  
  147  8:29  Warp Prism (Chrono Boost)  
  147  8:32  Pylon  
  149  8:34  Pylon  
  149  8:36  Pylon  
  147  8:51  Psionic Storm  
  147  8:52  Nexus  
  147  8:53  Zealot x5  
  147  8:54  Zealot x3  
  151  9:12  High Templar  
  151  9:13  High Templar  
  151  9:14  High Templar x2, Zealot x2  
  151  9:15  Stalker  
  165  9:31  Immortal  
  169  9:39  Fleet Beacon  
  169  9:42  Probe x3  
  169  9:44  Pylon  
  172  9:47  High Templar  
  172  9:52  Zealot  
  176  9:53  Photon Cannon x2, Zealot  
  176  9:58  Photon Cannon  
  176  9:59  Shield Battery  
  178  10:00  Shield Battery  
  178  10:02  Shield Battery  
  178  10:04  Photon Cannon  
  178  10:06  Photon Cannon  
  178  10:08  Photon Cannon  
  170  10:18  Probe x4  
  170  10:22  High Templar x4, Assimilator  
  170  10:24  Assimilator  
  170  10:26  Archon x2  
  178  10:30  Probe  
  177  10:39  Zealot  
  177  10:40  Mothership (Chrono Boost), Zealot x5  
  187  10:56  Zealot x4  
  179  11:04  Protoss Ground Weapons Level 3 (Chrono Boost)  
  179  11:09  High Templar x2, Zealot x2  
  179  11:10  Zealot x2  
  179  11:18  Archon  
  179  11:31  Stargate  
  179  11:33  Zealot x3  
  179  11:34  Pylon, Zealot x4  
  179  11:37  Shield Battery  
  179  11:39  Shield Battery  
  193  11:40  Photon Cannon  
  193  11:50  Zealot x3  
  191  12:00  Carrier (Chrono Boost)  
  197  12:11  Cybernetics Core  
  195  12:23  Protoss Air Weapons Level 1  
  195  12:32  Nexus  
  195  12:35  Zealot x7  
  195  12:45  Carrier x2 (Chrono Boost)  
  197  12:59  Pylon  
  197  13:00  Blink  
  191  13:05  Protoss Air Armor Level 1  
  172  13:28  Pylon  
  172  13:29  Carrier (Chrono Boost)  
  172  13:30  Zealot x3  
  172  13:31  Zealot x3  
  184  13:34  Carrier x2 (Chrono Boost)  
  184  13:45  Probe x5  
  184  13:47  High Templar x4  
  195  13:51  Photon Cannon  
  195  13:52  Archon, Photon Cannon  
  195  13:53  Archon  
  195  14:09  Protoss Shields Level 1  
  195  14:12  Assimilator x2  
  195  14:13  Photon Cannon  
  195  14:14  Photon Cannon  
  195  14:15  Warp Prism (Chrono Boost)  
  195  14:16  Photon Cannon  
  195  14:21  Pylon  
  196  14:57  Gateway  
  196  15:01  Gateway x2  
  196  15:03  Gateway  
  196  15:04  Gateway  
  196  15:08  Zealot x2  
  192  15:17  Carrier x2 (Chrono Boost)  
  198  15:48  Protoss Air Weapons Level 2 (Chrono Boost)  
  198  15:50  Protoss Air Armor Level 2 (Chrono Boost)  
  198  15:53  Nexus  
  198  15:59  Stargate  
  198  16:01  Stargate  
  194  16:10  Carrier (Chrono Boost)  
  190  16:12  Dark Shrine  
  192  16:20  Zealot x4  
  196  16:35  Carrier (Chrono Boost)  
  198  16:44  Pylon  
  198  16:47  Assimilator  
  198  16:51  Assimilator  
  198  16:53  Zealot  
  198  16:54  Zealot x4  
  200  17:12  Protoss Shields Level 2  
  181  17:48  Zealot x5  
  181  17:49  Zealot x9  
  199  17:57  High Templar  
  197  17:59  Oracle (Chrono Boost)  
  193  18:26  High Templar x2  
  193  18:27  High Templar x7  
  187  18:28  High Templar  
  187  18:33  Archon x4  
  197  18:34  Archon  
  195  18:46  Photon Cannon  
  195  18:47  Photon Cannon x3  
  195  18:49  Photon Cannon  
  195  18:51  Protoss Air Weapons Level 3 (Chrono Boost), Protoss Air Armor Level 3 (Chrono Boost)  
  171  19:33  Carrier x3 (Chrono Boost)  
  171  19:34  Carrier (Chrono Boost)  
  195  19:40  Dark Templar  
  195  19:41  Dark Templar  
  199  19:48  Photon Cannon  
  199  19:54  Oracle  
  181  20:23  High Templar x4  
  181  20:26  Zealot x3  
  189  20:39  Oracle  
  189  20:41  High Templar x4  
  200  20:46  Archon x2  
  200  21:00  Nexus  
  200  21:01  Pylon  
  200  21:09  Nexus  
  170  21:35  Stalker x9  
  170  21:36  Stalker x5  
Show
View Real Time Build Order
Export as new Build Order

TSGSolar Zerg 

Build Orders: Hatch First, Brood Lord Corruptor 

Get SALT Encoding   

  12  0:01  Drone  
  13  0:12  Overlord  
  13  0:17  Drone  
  14  0:31  Drone x2  
  16  0:49  Hatchery  
  15  0:50  Drone  
  15  0:54  Drone  
  17  0:58  Drone  
  18  1:09  Extractor  
  17  1:13  Spawning Pool  
  17  1:16  Drone  
  17  1:19  Drone  
  18  1:28  Drone  
  19  1:38  Drone  
  20  1:48  Hatchery  
  20  1:50  Drone  
  20  2:01  Queen  
  20  2:02  Drone  
  23  2:10  Queen  
  25  2:16  Overlord  
  25  2:20  Drone  
  26  2:23  Drone  
  27  2:30  Metabolic Boost  
  27  2:31  Zergling x2  
  27  2:35  Zergling x2  
  30  2:37  Drone  
  30  2:42  Queen  
  32  2:45  Drone  
  32  2:48  Drone  
  32  2:50  Drone  
  35  2:56  Drone  
  36  3:00  Queen  
  36  3:04  Overlord  
  38  3:05  Drone  
  38  3:07  Drone  
  38  3:11  Drone  
  41  3:16  Overlord  
  41  3:22  Drone x4  
  41  3:24  Drone  
  46  3:27  Drone x2  
  46  3:32  Queen  
  50  3:38  Overlord  
  50  3:39  Overlord  
  50  3:43  Spore Crawler  
  50  3:44  Spore Crawler  
  48  3:55  Drone  
  48  3:56  Drone  
  48  3:57  Drone x5  
  48  3:58  Drone  
  48  3:59  Drone  
  58  4:02  Zergling x2  
  58  4:06  Zergling x2  
  58  4:08  Zergling x4  
  63  4:10  Zergling x4  
  63  4:13  Zergling x2  
  64  4:17  Spore Crawler, Drone  
  64  4:18  Drone  
  64  4:24  Drone  
  65  4:25  Lair  
  65  4:26  Drone  
  65  4:28  Overlord x2  
  65  4:29  Roach Warren  
  65  4:30  Drone  
  66  4:36  Extractor  
  66  4:38  Extractor  
  64  4:40  Overlord  
  64  4:46  Drone  
  64  4:47  Drone x8  
  64  4:51  Drone  
  64  4:52  Drone  
  73  4:57  Drone x4  
  77  5:02  Drone  
  77  5:04  Drone  
  77  5:06  Extractor  
  78  5:07  Extractor, Drone  
  78  5:12  Drone x4  
  78  5:13  Evolution Chamber  
  81  5:15  Drone x2  
  81  5:16  Drone x2  
  81  5:19  Overlord  
  81  5:20  Extractor  
  83  5:26  Overlord  
  83  5:28  Glial Reconstitution, Drone x3  
  85  5:29  Overseer  
  85  5:32  Roach x2  
  89  5:37  Infestation Pit  
  89  5:38  Roach  
  89  5:39  Roach  
  92  5:43  Overlord  
  92  5:44  Drone  
  92  5:46  Zerg Missile Weapons Level 1  
  92  5:48  Roach x2  
  97  5:50  Hatchery  
  97  5:51  Overlord  
  97  5:53  Drone  
  97  5:54  Drone  
  97  5:56  Overseer  
  98  5:58  Overlord  
  98  6:00  Overlord  
  98  6:07  Queen x2  
  98  6:09  Overlord  
  98  6:10  Drone  
  98  6:11  Drone x2  
  105  6:14  Zergling x6  
  106  6:19  Overlord  
  106  6:22  Zergling x10  
  109  6:26  Spore Crawler  
  109  6:30  Baneling Nest  
  109  6:31  Drone  
  108  6:34  Drone  
  108  6:35  Drone x5  
  108  6:39  Queen  
  114  6:40  Drone  
  114  6:42  Drone  
  114  6:43  Queen  
  114  6:46  Drone  
  117  6:49  Queen  
  117  6:52  Spore Crawler, Drone x2  
  118  6:57  Overlord  
  118  6:59  Drone  
  115  7:03  Spore Crawler  
  115  7:04  Drone x2, Queen  
  115  7:07  Drone  
  111  7:10  Drone  
  112  7:16  Drone x2  
  112  7:18  Spire  
  112  7:19  Hive  
  112  7:21  Drone x5, Centrifical Hooks  
  112  7:22  Drone  
  119  7:24  Spore Crawler  
  119  7:25  Drone  
  119  7:26  Drone  
  119  7:28  Zergling x4  
  122  7:31  Roach  
  122  7:32  Overlord  
  122  7:34  Overlord  
  122  7:35  Overlord  
  122  7:37  Overlord  
  122  7:39  Roach  
  122  7:42  Zerg Melee Weapons Level 1  
  122  7:43  Overlord  
  122  7:44  Overlord  
  124  7:46  Ravager  
  124  7:47  Overlord  
  124  7:50  Overlord  
  125  7:52  Overlord  
  125  7:53  Overlord  
  125  7:55  Baneling x6  
  125  7:56  Ravager  
  125  7:58  Roach x2  
  129  8:06  Roach x3  
  129  8:08  Overlord  
  129  8:10  Overlord  
  129  8:11  Hatchery  
  129  8:12  Overlord  
  130  8:21  Drone  
  130  8:22  Zergling x24  
  130  8:25  Zergling x6  
  130  8:26  Ravager  
  150  8:27  Ravager x4  
  150  8:28  Ravager  
  150  8:29  Baneling x4  
  150  8:30  Zergling x2  
  150  8:32  Baneling x5  
  150  8:33  Baneling  
  153  8:34  Zergling x2  
  153  8:37  Zergling x4  
  153  8:40  Baneling x12  
  156  8:43  Baneling x6  
  156  8:44  Zergling x2  
  156  8:46  Roach  
  159  8:48  Baneling  
  159  8:49  Baneling x7  
  159  8:50  Zergling x4  
  159  8:52  Zergling x2  
  159  8:53  Zergling x4  
  159  8:54  Zergling x2  
  159  8:55  Zergling x2  
  166  8:56  Zergling x2  
  166  8:57  Zergling x2  
  166  8:58  Zergling x4  
  166  9:01  Adrenal Glands  
  168  9:02  Zergling x2  
  168  9:03  Zergling x2  
  168  9:04  Zergling x2  
  168  9:06  Zergling x6  
  168  9:12  Zergling x2  
  168  9:13  Zergling x8  
  172  9:21  Zergling x12  
  175  9:33  Ravager  
  175  9:34  Baneling x4  
  175  9:35  Baneling x2  
  172  9:43  Zergling x22  
  172  9:45  Hatchery, Greater Spire  
  180  9:48  Zergling x2  
  181  9:55  Zergling x2  
  181  9:56  Zergling x4  
  181  9:57  Zergling x8  
  188  10:04  Zerg Melee Weapons Level 2  
  188  10:06  Baneling x5  
  188  10:07  Zergling x8  
  188  10:12  Zergling x6  
  191  10:17  Hatchery  
  191  10:20  Corruptor x5  
  199  10:22  Overseer  
  199  10:24  Pneumatized Carapace  
  195  10:30  Corruptor x3  
  195  10:33  Drone x3  
  195  10:34  Extractor  
  198  10:50  Corruptor  
  198  10:53  Zergling x6  
  196  10:57  Zergling x8  
  196  11:03  Zergling x2  
  196  11:04  Zergling x28  
  183  11:08  Zergling x8  
  181  11:14  Drone x3  
  181  11:15  Zergling x6  
  181  11:20  Drone x2  
  181  11:25  Zerg Flyer Weapons Level 1  
  180  11:26  Zergling x6  
  180  11:29  Zergling x4  
  183  11:34  Baneling x2  
  183  11:39  Zergling x12  
  189  11:43  Baneling  
  189  11:44  Baneling x22  
  189  11:46  Zergling x8  
  187  11:52  Brood Lord x5  
  194  11:55  Baneling  
  194  11:58  Drone x3  
  194  11:59  Extractor  
  188  12:05  Pathogen Glands  
  188  12:07  Extractor, Drone x2  
  188  12:08  Extractor, Drone  
  189  12:10  Spore Crawler x2  
  189  12:11  Brood Lord  
  189  12:15  Corruptor x2  
  193  12:33  Corruptor x3  
  191  12:41  Viper  
  190  12:50  Corruptor x2  
  187  12:54  Drone  
  188  13:00  Corruptor x2  
  190  13:10  Drone x6  
  190  13:11  Drone x2  
  182  13:23  Brood Lord x4  
  182  13:25  Corruptor  
  187  13:31  Drone x2  
  189  13:35  Drone  
  189  13:36  Drone x3  
  189  13:38  Corruptor x2  
  189  13:39  Spore Crawler x3  
  187  13:44  Zerg Ground Armor Level 1  
  187  13:46  Zerg Flyer Armor Level 1  
  187  13:48  Overseer  
  187  13:51  Drone x3  
  190  13:57  Hatchery  
  190  14:00  Spore Crawler  
  182  14:13  Spore Crawler  
  182  14:14  Spine Crawler  
  182  14:15  Drone x2  
  182  14:16  Spine Crawler x2  
  180  14:17  Spine Crawler x2  
  180  14:20  Overseer  
  180  14:21  Overseer  
  180  14:23  Corruptor, Infestor x6  
  190  14:29  Neural Parasite  
  190  14:34  Hatchery  
  190  14:36  Corruptor  
  193  14:41  Drone  
  193  14:43  Spore Crawler  
  193  14:45  Spore Crawler  
  194  14:46  Infestor  
  194  14:55  Brood Lord  
  194  14:56  Corruptor  
  194  14:59  Viper  
  196  15:06  Evolution Chamber  
  195  15:24  Spore Crawler x2  
  195  15:25  Drone x3  
  195  15:26  Spore Crawler x2, Drone x3  
  195  15:28  Spore Crawler x2, Corruptor  
  195  15:33  Viper  
  199  15:37  Zerg Melee Weapons Level 3  
  199  15:43  Drone  
  199  15:49  Zerg Flyer Weapons Level 2  
  200  15:50  Spore Crawler, Zerg Ground Armor Level 2  
  200  15:51  Spore Crawler  
  200  15:53  Spire  
  200  15:55  Drone x3  
  200  15:56  Ultralisk Cavern  
  194  16:05  Zergling x20  
  194  16:08  Zergling x12  
  200  16:22  Zergling x6  
  200  16:29  Extractor  
  200  16:30  Drone x3  
  200  16:31  Extractor, Drone x2  
  198  16:33  Spore Crawler x2  
  198  16:34  Spore Crawler, Infestor x2  
  198  16:37  Baneling x8  
  193  16:41  Drone x7  
  198  16:47  Spine Crawler  
  198  16:48  Infestor  
  198  16:49  Zergling x4, Spine Crawler  
  197  16:57  Spine Crawler  
  197  16:58  Spine Crawler  
  197  16:59  Spine Crawler  
  197  17:00  Spine Crawler  
  193  17:01  Overseer  
  193  17:03  Chitinous Plating  
  193  17:06  Zergling x20  
  200  17:13  Zerg Flyer Armor Level 2  
  200  17:42  Infestor  
  200  17:43  Infestor  
  198  17:47  Ultralisk  
  198  17:48  Zergling x12  
  199  17:52  Burrow  
  199  17:55  Drone  
  198  18:00  Spore Crawler, Drone x3  
  198  18:01  Spore Crawler x2, Extractor  
  197  18:08  Zergling x6, Spine Crawler  
  197  18:09  Spore Crawler x2, Spine Crawler, Baneling x7  
  196  18:17  Zergling x8  
  198  18:21  Anabolic Synthesis  
  198  18:26  Drone x3  
  197  18:27  Drone x2  
  197  18:28  Drone  
  198  18:34  Zergling x6  
  198  18:35  Spore Crawler x2  
  198  18:38  Spine Crawler  
  198  18:39  Spine Crawler, Drone x3  
  197  18:41  Infestor  
  197  18:45  Zerg Flyer Weapons Level 3  
  198  18:57  Baneling x8  
  192  19:04  Zergling x14  
  199  19:23  Viper x2  
  193  19:37  Zergling x12  
  199  19:40  Hatchery  
  199  19:42  Spore Crawler  
  199  19:43  Spore Crawler  
  196  20:05  Zergling x8  
  198  20:19  Infestor x2  
  199  20:28  Zergling x8  
  199  20:31  Baneling x12  
  199  20:53  Drone  
  200  20:58  Hatchery  
  199  21:11  Overseer x4  
  199  21:12  Overlord  
Tags
 
Add a new tag
Caveats
  • Supply blocks, unpowered buildings, or Contaminate may cause inaccurate times.
  • Supply counts are checked every 10 seconds.